 Dungeon Crawl Stone Soup version 0.27.1-34-g3ba077fa99 (webtiles) character file.

Game seed: 15002705269447834007

16869 iwittbrodt the Blocker (level 12, 0/103 HPs)
             Began as a Red Draconian Conjurer on Jan 22, 2022.
             Was a Believer of Sif Muna.
             Slain by a catoblepas (9 damage)
             ... while petrified by a catoblepas
             ... on level 1 of the Lair of Beasts on Jan 26, 2022.
             The game lasted 01:24:51 (19091 turns).

iwittbrodt the Blocker (Red Draconian Conjurer)    Turns: 19091, Time: 01:24:51

Health: 0/103      AC: 20    Str: 11    XL:     12   Next: 13%
Magic:  21/22      EV:  2    Int: 21    God:    Sif Muna [**....]
Gold:   193        SH:  0    Dex: 11    Spells: 14/25 levels left

rFire    + . .     SeeInvis .   z - +1 dagger (elec)
rCold    . . .     Faith    .   e - +0 kite shield
rNeg     + + +     Spirit   .   (armour unavailable)
rPois    ∞         Reflect  .   (helmet restricted)
rElec    .         Harm     .   W - +3 cloak of Cowardice {rPois rCorr Stlth+}
rCorr    +         Rampage  .   q - +2 pair of gloves {Stlth+}
Will     +....                  t - +0 pair of boots
Stlth    ++++......             O - amulet "Wareygiwk" {RegenMP Will+ rCorr}
HPRegen  0.27/turn              r - +4 ring of protection
MPRegen  0.43/turn              U - ring of wizardry

@: petrified, studying 2 skills
A: breathe fire, AC +8, unfitting armour, fire resistance 1, cold-blooded
a: Breathe Fire, Renounce Religion, Channel Magic


You were on level 1 of the Lair of Beasts.
You worshipped Sif Muna.
Sif Muna was pleased with you.
You visited 3 branches of the dungeon, and saw 13 of its levels.
You also visited: Sewer and Gauntlet.

You collected 783 gold pieces.
You spent 590 gold pieces at shops.

Inventory:

Hand Weapons
 f - a +3 trident of venom
 z - a +1 dagger of electrocution (weapon)
Missiles
 g - 271 stones
 n - 65 poisoned darts (quivered)
 v - 3 throwing nets
Armour
 e - a +0 kite shield (worn)
 q - a +2 pair of gloves of stealth (worn)
 t - a +0 pair of boots (worn)
 u - the +3 buckler "Xoiphebb" {rElec Will- Dex+8}
   (You took it off a gnoll sergeant on level 4 of the Dungeon)

   Dex:       It affects your dexterity (+8).
   rElec:     It insulates you from electricity.
   Will:      It decreases your willpower.
 W - the +3 cloak of Cowardice (worn) {rPois rCorr Stlth+}
   (You found it in a Gauntlet)

   rPois:     It protects you from poison.
   rCorr:     It protects you from acid and corrosion.
   Stlth:     It makes you more stealthy.
Magical Staves
 m - a staff of cold
 N - a staff of fire
Jewellery
 j - a +6 ring of dexterity
 k - the amulet "Ruhablo" {Acrobat Dex+4}
   (You found it on level 11 of the Dungeon)

   [amulet of the acrobat]

   It increases your evasion while moving and waiting.
   Dex:       It affects your dexterity (+4).
 r - a +4 ring of protection (left hand)
 G - a ring of positive energy
 I - a +4 ring of evasion
 O - the amulet "Wareygiwk" (around neck) {RegenMP Will+ rCorr}
   (You bought it in a shop on level 4 of the Dungeon)

   [amulet of magic regeneration]

   It increases your rate of magic regeneration.
   rCorr:     It protects you from acid and corrosion.
   Will:      It increases your willpower.
 R - a ring of protection from fire
 S - a ring of see invisible
 U - a ring of wizardry (right hand)
 Y - a ring of magical power
Wands
 d - a wand of charming (1)
 C - a wand of iceblast (31)
 E - a wand of paralysis (18)
 J - a wand of mindburst (16)
 L - a wand of flame (39)
 P - a wand of polymorph (7)
Scrolls
 a - a scroll of vulnerability
 b - 2 scrolls of summoning
 y - 3 scrolls of teleportation
 A - a scroll of fear
 F - 2 scrolls of immolation
 H - 3 scrolls of blinking
 M - 2 scrolls of amnesia
 T - a scroll of magic mapping
 V - a scroll of enchant weapon
Potions
 c - a potion of mutation
 h - a potion of magic
 i - 2 potions of curing
 l - 2 potions of brilliance
 o - 2 potions of resistance
 p - a potion of might
 w - a potion of berserk rage
 x - 2 potions of flight
 B - 3 potions of heal wounds
 D - a potion of haste
 K - 4 potions of lignification
Miscellaneous
 Q - a tin of tremorstones (2/2)
 X - a phantom mirror


   Skills:
 - Level 8.8 Fighting
 + Level 6.1 Dodging
 - Level 2.0 Stealth
 * Level 11.9 Shields
 - Level 7.2 Spellcasting
 + Level 9.9 Conjurations
 - Level 3.0 Hexes
 + Level 4.7 Invocations


You had 14 spell levels left.
You knew the following spells:

 Your Spells              Type           Power      Damage    Failure   Level
a - Magic Dart            Conj           100%       1d8       1%          1
b - Searing Ray           Conj           98%        3d7       1%          2
c - Fulminant Prism       Conj/Hex       17%        3d11      3%          4
d - Iskenderun's Mystic   Conj/Tloc      28%        2d7       6%          4

Your spell library contained the following spells:

 Spells                   Type           Power      Damage    Failure   Level
 Dazzling Flash           Conj/Hex       68%        N/A       1%          3
 Sublimation of Blood     Necr           3%         N/A       8%          2
 Gell's Gravitas          Tloc           3%         N/A       16%         3
 Lesser Beckoning         Tloc           3%         N/A       16%         3
 Teleport Other           Tloc           7%         N/A       16%         3
 Irradiate                Conj/Tmut      14%        3d18      17%         5
 Petrify                  Tmut/Erth      7%         N/A       43%         4


Dungeon Overview and Level Annotations

Branches:
Dungeon (11/15)            Temple (1/1) D:7            Lair (1/6) D:11
  Sewer (visited)         Gauntlet (visited)
    Orc: D:9-12

Altars:
Ashenzari
Cheibriados
Dithmenos
Elyvilon
Fedhas
Gozag
Hepliaklqana
Kikubaaqudgha
Makhleb
Nemelex Xobeh
Okawaru
Qazlal
Ru
Sif Muna
Trog
Uskayaw
Vehumet
Wu Jian
Xom
Yredelemnul
Zin
The Shining One

Shops:
D:4 *!!=(   D:6 *

Annotations:
D:2 1 runed translucent door, Crazy Yiuf


Innate Abilities, Weirdness & Mutations

You can breathe blasts of fire.
Your fiery red scales are hard. (AC +8)
You cannot fit into any form of body armour.
Your flesh is heat resistant. (rF+)
You are cold-blooded and may be slowed by cold attacks.


Message History

You are slowing down.
Okay, then.
You feel limber!
You feel magically purged.
You are engulfed in calcifying dust.
The catoblepas gores you.
The catoblepas breathes a plume of calcifying dust at you.
The blast of calcifying dust hits you but does no damage.
The catoblepas breathes a plume of calcifying dust at you.
The blast of calcifying dust hits you but does no damage.
The catoblepas breathes a plume of calcifying dust at you.
The blast of calcifying dust hits you.
You are engulfed in calcifying dust.
You are slowing down.
Your limbs are stiffening.
Casting: Fulminant Prism (dangerous; 3% risk of failure)
Confirm with . or Enter, or press ? or * to list all spells.
Aiming: Fulminant Prism (dangerous; 3% risk of failure)
Press: ? - help, Dir - move target You conjure a prism of explosive energy!
A fulminant prism comes into view.
You have turned to stone.
The catoblepas gores you!!
Your fulminant prism crackles loudly.
The catoblepas gores you!
* * * LOW HITPOINT WARNING * * *
Your fulminant prism explodes!
The blast of energy engulfs the komodo dragon!!
The komodo dragon is heavily wounded.
The blast of energy engulfs the catoblepas!!
The catoblepas is moderately wounded.
You hear a loud, deep croak!
You hear a bellow! x2
The catoblepas gores you!
* * * LOW HITPOINT WARNING * * *
The catoblepas gores you!
* * * LOW HITPOINT WARNING * * *
The komodo dragon bites you but does no damage.
The catoblepas gores you!!
* * * LOW HITPOINT WARNING * * *
The komodo dragon barely misses you. The catoblepas gores you!!
You die...

#..........## ##. #..........##
## #...........# #. #..........##
#. ##.........#### ##
#.............# #. #####
##..........### ##
..#.####.........### ##.
......#.#.......@Y.## ## #..
.................l#.####.### ##..
....................§Y..##.###..#
........................§......#.
.................................
...........................##....
.................................
.......).................l.......
.............................÷...


You could see a catoblepas and a komodo dragon.

Vanquished Creatures
  2 hydras (D:11)
  A boulder beetle (D:6)
  Harold (D:10)
  A death yak (D:11)
  A sixfirhy (Gauntlet)
  2 wolf spider zombies (D:8)
  A cyclops (D:11)
  A deep elf pyromancer (D:11)
  An oklob plant (Lair:1)
  3 centaur zombies
  An eye of devastation (Gauntlet)
  A komodo dragon (Lair:1)
  2 unseen horrors
  2 hellwings (D:8)
  2 meliai (Gauntlet)
  A hornet (D:11)
  2 shadows
  11 yaks
  A wraith (D:10)
  A wyvern (D:11)
  Eustachio (D:4)
  A golden eye (Gauntlet)
  A basilisk (D:11)
  A steam dragon (D:8)
  2 vampire mosquitoes (D:11)
  An acid dragon (D:11)
  2 water moccasins
  A floating eye (Gauntlet)
  2 necrophages
  2 ice beasts
  2 sky beasts
  2 black bears
  2 orc warriors
  3 ogres
  A centaur (D:6)
  2 kobold brigands
  6 bullfrogs
  2 gnoll sergeants
  3 scorpions
  2 water moccasin zombies (D:6)
  A water moccasin skeleton (D:6)
  8 killer bees
  3 jellies
  8 howler monkeys
  4 centaur skeletons
  A gnoll shaman (D:9)
  3 orc priests
  A bullfrog zombie (D:5)
  Jessica (D:3)
  4 orc wizards
  A scorpion zombie (D:5)
  A killer bee zombie (D:9)
  A hound zombie (D:5)
  A hound skeleton (D:5)
  A howler monkey zombie (D:7)
  18 gnolls
  10 adders
  8 river rats
  6 shadow imps
  4 ufetubi
  3 worms (D:3)
  The ghost of cbfl8 the Sneak, a weakling MiDe of Yredelemnul (D:4)
  A dart slug (D:4)
  22 orcs
  12 ball pythons
  10 endoplasms
  4 giant cockroaches
  6 goblins
  5 hobgoblins
  3 jackals (D:3)
  3 quokkas
  11 bats
  7 frilled lizards
  12 kobolds
  17 rats
  A fulminant prism (D:11)
280 creatures vanquished.

Vanquished Creatures (others)
  47 fulminant prisms
  A fungus (Lair:1)
  11 plants
  9 withered plants (D:8)
68 creatures vanquished.

Grand Total: 348 creatures vanquished

Notes
Turn   | Place    | Note
-------+----------+-------------------------------------------
     0 | D:1      | iwittbrodt the Draconian Conjurer began the quest for the
                  | Orb.
     0 | D:1      | Reached XP level 1. HP: 14/14 MP: 3/3
   217 | D:1      | Reached XP level 2. HP: 22/22 MP: 1/5
   382 | D:1      | Reached skill level 1 in Fighting
   508 | D:1      | Learned a level 2 spell: Searing Ray
   942 | D:1      | Reached XP level 3. HP: 28/28 MP: 1/6
  2115 | D:2      | Reached skill level 1 in Shields
  2160 | D:2      | Reached XP level 4. HP: 37/37 MP: 3/7
  2204 | D:2      | Learned a level 4 spell: Fulminant Prism
  2370 | D:2      | Found a runed translucent door.
  2371 | D:2      | Noticed Crazy Yiuf
  3613 | D:3      | Noticed Jessica
  3619 | D:3      | Killed Jessica
  3620 | D:3      | Reached XP level 5. HP: 45/45 MP: 1/9
  3795 | D:3      | Noticed a sky beast
  3909 | D:3      | Killed a sky beast
  3910 | D:3      | Reached skill level 2 in Shields
  3910 | D:3      | Reached XP level 6. HP: 24/52 MP: 3/10
  3994 | D:3      | Reached skill level 5 in Conjurations
  4001 | D:3      | Found a glowing drain.
  4013 | Sewer    | Entered a sewer
  4962 | D:3      | Found a faded altar of an unknown god.
  5194 | D:4      | Found Kagiqiw's General Store.
  5194 | D:4      | Found Zyeq's Distillery.
  5215 | D:4      | Found Etitutycw's Distillery.
  5232 | D:4      | Found Ested's Jewellery Shoppe.
  5304 | D:4      | Reached skill level 3 in Shields
  5304 | D:4      | Reached skill level 1 in Hexes
  5420 | D:4      | Your scales start taking on a fiery red colour.
  5420 | D:4      | Reached XP level 7. HP: 60/60 MP: 6/12
  5420 | D:4      | Gained mutation: Your flesh is heat resistant. (rF+) [Red
                  | Draconian growth]
  5816 | D:4      | Found Qugebups's Antique Weapon Emporium.
  5874 | D:4      | Noticed Eustachio
  5886 | D:4      | Killed Eustachio
  6183 | D:4      | Found a transporter.
  6183 | D:4      | Identified the +3 buckler "Xoiphebb" {rElec Will- Dex+8}
  6189 | D:4      | Found a transporter.
  6192 | D:4      | Noticed cbfl8's ghost (weakling MiDe)
  6451 | D:4      | Reached skill level 4 in Shields
  6451 | D:4      | Killed cbfl8's ghost
  6564 | D:4      | Reached skill level 5 in Fighting
  6818 | D:5      | Entered Level 5 of the Dungeon
  6892 | D:5      | Reached XP level 8. HP: 68/68 MP: 7/14
  7637 | D:5      | Reached skill level 5 in Shields
  8568 | D:6      | Found Nybbejenu's General Store.
  8672 | D:6      | Bought a potion of heal wounds for 60 gold pieces
  8725 | D:6      | Noticed a boulder beetle
  8839 | D:6      | Killed a boulder beetle
  8840 | D:6      | Reached skill level 6 in Shields
  8840 | D:6      | Reached skill level 5 in Spellcasting
  8840 | D:6      | Reached XP level 9. HP: 60/77 MP: 2/16
  9322 | D:6      | Reached skill level 7 in Shields
 10361 | D:7      | Found a staircase to the Ecumenical Temple.
 10384 | Temple   | Entered the Ecumenical Temple
 10629 | Temple   | Became a worshipper of Sif Muna the Loreminder
 11829 | D:8      | Reached skill level 8 in Shields
 11952 | D:8      | Reached XP level 10. HP: 86/86 MP: 9/18
 12319 | D:8      | Reached skill level 9 in Shields
 13007 | D:9      | Reached * piety under Sif Muna
 13614 | D:9      | Reached skill level 10 in Shields
 14029 | D:9      | Reached XP level 11. HP: 74/95 MP: 5/21
 14223 | D:9      | Learned a level 4 spell: Iskenderun's Mystic Blast
 14403 | D:10     | Entered Level 10 of the Dungeon
 14480 | D:10     | Noticed Harold
 14496 | D:10     | Killed Harold
 14674 | D:4      | Bought the amulet "Wareygiwk" {RegenMP Will+ rCorr} for 530
                  | gold pieces
 15308 | D:10     | Reached skill level 1 in Invocations
 15377 | D:10     | Found a broken altar of Ashenzari.
 15644 | D:10     | Found the amulet of the Air {Inacc Air Fly rElec RMsl}
 16162 | D:11     | Noticed a five-headed hydra
 16178 | D:11     | Killed a five-headed hydra
 16178 | D:11     | Reached ** piety under Sif Muna
 16190 | D:11     | Noticed a six-headed hydra
 16320 | D:11     | Noticed a deep elf pyromancer
 16329 | D:11     | Killed a deep elf pyromancer
 16330 | D:11     | Reached skill level 11 in Shields
 16349 | D:11     | Noticed a death yak
 16366 | D:11     | Killed a death yak
 16464 | D:11     | Identified the amulet "Ruhablo" {Acrobat Dex+4}
 16490 | D:11     | Found a gate leading to a gauntlet.
 16501 | Gauntlet | Entered a Gauntlet
 16501 | Gauntlet | Found a transporter.
 16504 | Gauntlet | Noticed a sixfirhy
 16530 | Gauntlet | Found a transporter.
 16530 | Gauntlet | Found a transporter.
 16541 | Gauntlet | Found a transporter.
 16541 | Gauntlet | Noticed an oklob plant
 16544 | Gauntlet | Found a transporter.
 16545 | Gauntlet | Noticed a dire elephant
 16556 | Gauntlet | Found a transporter.
 16571 | Gauntlet | Found a transporter.
 16571 | Gauntlet | Noticed a death yak
 16572 | Gauntlet | Found the +7 captain's cutlass {speed, disarm}
 16572 | Gauntlet | Noticed a death yak
 16573 | Gauntlet | Noticed a death yak
 16574 | Gauntlet | Noticed a death yak
 16574 | Gauntlet | Noticed a death yak
 16575 | Gauntlet | Noticed a death yak
 16585 | Gauntlet | Found a transporter.
 16592 | Gauntlet | Found a transporter.
 16607 | Gauntlet | Found a transporter.
 16617 | Gauntlet | Found a transporter.
 16617 | Gauntlet | Found a transporter.
 16663 | Gauntlet | Found a transporter.
 16677 | Gauntlet | Found a transporter.
 16916 | Gauntlet | Killed a sixfirhy
 16995 | Gauntlet | Reached skill level 5 in Dodging
 17217 | Gauntlet | Identified the +3 cloak of Cowardice {rPois rCorr Stlth+}
 17535 | Gauntlet | Identified the +6 demon whip of Neurosis {drain, rF- Dex+5}
 17535 | Gauntlet | Noticed a minotaur
 17588 | Gauntlet | Identified the +1 robe "Vaihuts" {Harm rF+}
 17588 | Gauntlet | Identified the +0 glaive of Distraction {vorpal, *Corrode
                  | MP+9 Int+9 Dex-2}
 17794 | D:11     | Found a staircase to the Lair.
 17831 | D:11     | Killed a six-headed hydra
 18492 | Lair:1   | Entered Level 1 of the Lair of Beasts
 18632 | Lair:1   | Noticed an oklob plant
 18802 | Lair:1   | Killed an oklob plant
 18803 | Lair:1   | Reached XP level 12. HP: 99/103 MP: 14/22
 19031 | Lair:1   | Noticed a catoblepas
 19091 | Lair:1   | Slain by a catoblepas

Illustrated notes

Levels and vault maps discovered:
D:1:      heliophobic_arrival_ceremonial_halls, layout_basic,
          minmay_misc_feat_alley, chequers_serial_rivers_micro_c
D:2:      layout_loops_ring, minmay_diced_spiral, uniq_crazy_yiuf_cottage
D:3:      layout_rooms, hellmonk_ecumenical_altar_zigzags,
          lightli_sewer_entry_pipes, uniq_jessica
D:4:      layout_cave_pools, gammafunk_ghost_gnarly_gnolls, serial_shops,
          nicolae_stop_n_shop_1, nicolae_shop_overgrown_old_shop,
          nicolae_stop_n_shop_2, shop, shop, uniq_eustachio
D:5:      layout_loops_ring, eino_tiny_chamber, serial_park_tiny_pond
D:6:      layout_loops_ring, serial_shops, nicolae_shop_window_shopping,
          st_stairs_8, grunt_ministairs_11, minmay_fractal_squares_diagonal_5
D:7:      layout_cave_pools, minmay_temple_entry_statues_fountains
D:8:      cheibrodos_grave_circle, layout_basic
D:9:      layout_rooms
D:10:     layout_small_grid, ashenzari_altar_1, kennysheep_cross_room,
          uniq_harold
D:11:     layout_gridville, david_lair_generic, gauntlet_entry_generic
Temple:   kilobyte_greek_temple
Lair:1:   layout_hall_layers, minmay_lair_oklob_bushes

Skill      XL: |  1  2  3  4  5  6  7  8  9 10 11 12 |
---------------+-------------------------------------+-----
Fighting       | 1 2 3 4 5 6 7 8 |  8.8
Stealth        | 2 |  2.0
Shields        | 1 2 3 4 6 8 10 11 | 11.9
Spellcasting   | 3 4 5 7 |  7.2
Conjurations   | 5 6 7 8 9 |  9.9
Hexes          | 1 2 3 |  3.0
Dodging        | 5 6 |  6.1
Invocations    | 4 |  4.7

Action                   |  1- 3 |  4- 6 |  7- 9 | 10-12 || total
-------------------------+-------+-------+-------+-------++-------
Melee: Short sword       |    17 |     7 |       |       ||    24
       Tailslap          |     2 |     7 |     5 |    15 ||    29
       Dagger            |       |    37 |    28 |    77 ||   142
Throw: Dart              |       |     3 |     3 |       ||     6
 Cast: Magic Dart        |    65 |    73 |   119 |    73 ||   330
       Searing Ray       |       |    27 |    50 |    73 ||   150
       Fulminant Prism   |       |       |     7 |    41 ||    48
       Iskenderun's Myst |       |       |       |     2 ||     2
 Abil: Breathe Fire      |       |       |     3 |     3 ||     6
  Use: Scroll            |       |    10 |     8 |     8 ||    26
       Potion            |       |     1 |     3 |     4 ||     8
Armor: Skin              |    10 |    19 |    32 |   134 ||   195
Dodge: Dodged            |    25 |    37 |    47 |   135 ||   244
Block: Kite shield       |     7 |    27 |    13 |    29 ||    76
       Buckler           |       |       |    28 |   103 ||   131
